 Dungeon Crawl Stone Soup version 0.29-a0-1043-g569b05d6ff (webtiles) character file.

Game seed: 17351296096240387825

111 enile the Gusty (level 4, 0/26 HPs)
             Began as a Tengu Air Elementalist on Aug 15, 2022.
             Was a Believer of Fedhas.
             Slain by an orc wizard
             ... wielding a +0 club
              (2 damage)
             ... on level 3 of the Dungeon.
             The game lasted 00:03:50 (3798 turns).

enile the Gusty (Tengu Air Elementalist)            Turns: 3798, Time: 00:03:50

Health: 0/26       AC:  3    Str:  9    XL:     4   Next: 92%
Magic:  3/9        EV: 12    Int: 17    God:    Fedhas [**....]
Gold:   44         SH:  4    Dex: 14    Spells: 8/9 levels left

rFire   + . .      SeeInvis .   e - +0 dagger
rCold   + . .      Faith    .   (no shield)
rNeg    . . .      Spirit   .   l - +0 leather armour {rF+}
rPois   .          Reflect  .   (helmet restricted)
rElec   .          Harm     .   (no cloak)
rCorr   .          Rampage  .   (no gloves)
Will    .....                   (boots unavailable)
Stlth   ++........              (no amulet)
HPRegen 0.08/turn               c - ring of protection from cold
MPRegen 0.11/turn               (no ring)

@: no status effects
A: beak, talons 3, large bone plates 1
a: Renounce Religion, Wall of Briars


You were on level 3 of the Dungeon.
You worshipped Fedhas.
Fedhas was pleased with you.
You visited 1 branch of the dungeon, and saw 4 of its levels.

You collected 131 gold pieces.
You spent 87 gold pieces at shops.

Inventory:

Hand Weapons
 e - a +0 dagger (weapon)
Armour
 a - a +0 robe
 l - a +0 leather armour of fire resistance (worn)
Jewellery
 c - a ring of protection from cold (left hand)
 f - a ring of ice
 j - a +4 ring of evasion
Scrolls
 h - 3 scrolls of blinking
 i - a scroll of fear
 k - 2 scrolls of vulnerability {unknown}
 p - 3 scrolls of teleportation
 q - a scroll of noise {unknown}
 r - a scroll of identify
 s - a scroll of amnesia {unknown}
 t - a scroll of butterflies {unknown}
Potions
 b - a potion of magic
 d - a potion of curing {unknown}
 g - 2 potions of mutation
 m - a potion of flight {unknown}
 o - a potion of brilliance {unknown}
 u - a potion of might {unknown}


   Skills:
 - Level 2.1 Fighting
 - Level 3.0 Dodging
 - Level 2.1 Stealth
 - Level 3.0 Spellcasting
 - Level 1.7 Conjurations
 + Level 1.2 Ice Magic
 - Level 4.1 Air Magic


You had 8 spell levels left.
You knew the following spells:

 Your Spells              Type           Power      Damage    Failure   Level
a - Shock                 Conj/Air       48%        1d6       8%          1

Your spell library contained the following spells:

 Spells                   Type           Power      Damage    Failure   Level
 Static Discharge         Conj/Air       12%        3-5/arc   11%         2
 Swiftness                Air            16%        N/A       14%         3
 Freeze                   Ice            24%        1d5       16%         1
 Frozen Ramparts          Ice            12%        1d2       41%         3
 Ozocubu's Armour         Ice            6%         N/A       41%         3
 Airstrike                Air            8%         2d(2-18)  41%         4
 Hailstorm                Conj/Ice       7%         3d4       80%         4
 Ozocubu's Refrigeration  Ice            3%         4d8       100%        7


Dungeon Overview and Level Annotations

Branches:
Dungeon (4/15)             Temple (0/1) D:4

Altars:
Fedhas
The Shining One

Shops:
D:2 *


Innate Abilities, Weirdness & Mutations

You have a beak for a mouth.
You have claws for feet.
You are partially covered in large bone plates. (SH +4)


Message History

Aiming: Shock (safe; 8% risk of failure)
Press: ? - help, Shift-Dir - straight line The zap misses the orc. x2; The orc throws a stone.
The stone hits you.
You hear some strange, mumbled words.
Something tries to affect you, but you resist.
Casting: Shock (safe; 8% risk of failure)
Confirm with . or Enter, or press ? or * to list all spells.
Aiming: Shock (safe; 8% risk of failure)
Press: ? - help, Shift-Dir - straight line The zap hits the orc.
The orc is moderately wounded.
The zap hits the orc.
You kill the orc!
Fedhas appreciates your contribution to the ecosystem.
A jelly comes into view.
You hit something but do no damage. Your kick misses something.
You hear some strange, mumbled words.
A magic dart appears from out of thin air!
The magic dart hits you. Something hits you.
You climb upwards.
Reactivating autopickup.
There is a stone staircase leading down here.
Deactivating autopickup; reactivate with Ctrl-A.
You miss something. You claw something. Something hits you.
You closely miss something. You peck something. Something hits you.
You miss something.
You hear some strange, mumbled words.
A puff of flame appears from out of thin air!
The puff of flame hits you. You resist.
* * * LOW HITPOINT WARNING * * *
Okay, then.
A briar patch grows up from the ground. x7; Something hits you.
* * * LOW HITPOINT WARNING * * *
Okay, then.
It was a potion of mutation.
You feel extremely strange.
Large bone plates grow over parts of your arms.
Something hits you.
You die...
Fedhas appreciates your contribution to the ecosystem.

#.# #.# #.# #### #.# ########
...# #.# ##......############
##.# #.#####.......'.......>)..
#.## #.............############
##..###########PPP...#
..............+P@P...#
###..####.....#P{P...#
#......#............#
#......#............############
#......#............'...........
#......#............############
#......#..............)........†
#......#.....##.################
#......####...÷..........# #


There were no monsters in sight!

Vanquished Creatures
  2 gnolls (D:4)
  3 adders
  A worm (D:3)
  2 orcs
  3 bats
  5 endoplasms
  4 giant cockroaches
  8 goblins
  5 hobgoblins
  2 jackals (D:2)
  2 quokkas
  4 ball pythons
  5 frilled lizards
  6 kobolds
  6 rats
58 creatures vanquished.

Notes
Turn   | Place    | Note
-------+----------+-------------------------------------------
     0 | D:1      | enile the Tengu Air Elementalist began the quest for the
                  | Orb.
     0 | D:1      | Reached XP level 1. HP: 10/10 MP: 4/4
   435 | D:1      | Reached XP level 2. HP: 15/15 MP: 4/6
   778 | D:1      | Reached skill level 1 in Fighting
  1032 | D:2      | Found a glowing golden altar of the Shining One.
  1050 | D:2      | Reached XP level 3. HP: 21/21 MP: 4/7
  1405 | D:2      | Found Yfagusch's Assorted Antiques.
  1414 | D:2      | Bought a fuming puce potion for 27 gold pieces
  1414 | D:2      | Bought a scroll labelled EZODDOURGHAU for 30 gold pieces
  1414 | D:2      | Bought a scroll labelled ARPHUI IFAEWKY for 30 gold pieces
  2102 | D:2      | Found a faded altar of an unknown god.
  2158 | D:2      | Prayed at the altar of an unknown god.
  2158 | D:2      | Became a worshipper of Fedhas Madash
  2158 | D:2      | Reached * piety under Fedhas
  2214 | D:3      | Reached XP level 4. HP: 26/26 MP: 3/8
  3252 | D:4      | Reached ** piety under Fedhas
  3274 | D:4      | Found a staircase to the Ecumenical Temple.
  3342 | D:4      | Reached skill level 1 in Ice Magic
  3798 | D:3      | Gained mutation: You are partially covered in large bone
                  | plates. (SH +4) [potion of mutation]
  3798 | D:3      | Slain by an orc wizard

Illustrated notes

Levels and vault maps discovered:
D:1:      psy_arrival_terrarium, layout_basic
D:2:      layout_loops_corners, serial_shops, shop,
          shapermc_ecumenical_altar_totnotflames, basic_altar
D:3:      layout_basic
D:4:      layout_basic, marbit_many_paths, minmay_temple_entry_sparse_star,
          minmay_misc_feat_four_crosses, small_statue_intersection

Skill      XL: |  1  2  3  4 |
---------------+-------------+-----
Fighting       | 2 |  2.1
Dodging        | 3 |  3.0
Spellcasting   | 3 |  3.0
Ice Magic      | 1 |  1.2
Stealth        | |  2.1
Conjurations   | |  1.7
Air Magic      | |  4.1

Action                   |  1- 3 |  4- 6 || total
-------------------------+-------+-------++-------
Melee: Dagger            |    20 |    10 ||    30
       Kick              |     6 |     2 ||     8
       Peck              |     2 |     2 ||     4
 Cast: Shock             |    67 |    45 ||   112
Invok: Wall of Briars    |       |     1 ||     1
  Use: Scroll            |     4 |     1 ||     5
       Potion            |       |     2 ||     2
 Stab: Sleeping          |     1 |       ||     1
Armor: Robe              |     2 |       ||     2
       Leather armour    |       |     1 ||     1
Dodge: Dodged            |    13 |     8 ||    21

Table legend: (Time is in decaauts)
 A = Elapsed time spent in this place.
 B = Non-inter-level travel time spent in this place.
 C = Inter-level travel time spent in this place.
 D = Time resting spent in this place.
 E = Time spent auto-exploring this place.
 F = Levels seen in this place.
 G = Mean time per level.
                   A        B        C        D        E       F      G
               +--------+--------+--------+--------+--------+-----+--------+
         Total |   3805 |   3632 |    173 |    119 |   3180 |   4 |  951.2 |
       Dungeon |   3805 |   3632 |    173 |    119 |   3180 |   4 |  951.2 |
               +--------+--------+--------+--------+--------+-----+--------+

Top non-repeatable levels by time:
     D:3: 1431 daAuts
     D:2: 1192 daAuts
     D:1: 990 daAuts
     D:4: 191 daAuts
